AoeStats
← Aziz

Arabia

510206980Analyzed
2v2 RM · 21h ago on Sep 29, 2026· 44m 32s· 4 players
Game mode
Random Map
Map size
Medium (4 player)
Population
200
Speed
Normal
Resources
Standard
Victory
Conquest
Starting age
Dark Age
Ending age
Imperial Age
RankedLock teamsTeams togetherTeam positionsShared explorationLock speedFull tech treeHidden civsTurbo modeCheats
Victory
Defeat
🇺🇸 Maya · United States
686
+22
🇺🇸 Sicilians · United States
628
+16
🇺🇿 Tatars · Uzbekistan
629
-15
🇧🇷 Wei · Brazil
623
-14
GleisOn!
12:35 Feudal Age
13:54 Double-Bit Axe
15:31 Gold Mining
18:04 Wheelbarrow
20:43 Castle Age
19:03 Horse Collar
19:16 Stone Mining
21:15 Scale Barding Armor
23:45 Husbandry
25:06 Tuntian
27:40 Gold Shaft Mining
27:41 Stone Shaft Mining
29:43 Bloodlines
29:55 Chain Barding Armor
33:01 Heavy Plow
33:51 Bow Saw
34:17 Forging
36:04 Iron Casting
38:42 Wheelbarrow
37:56 Loom
37:45 Pikeman
38:30 Squires
38:46 Scale Mail Armor
39:33 Arson
40:19 Hand Cart
Aziz
8:43 Loom
13:55 Feudal Age
15:33 Wheelbarrow
14:44 Town Watch
16:09 Double-Bit Axe
16:08 Horse Collar
17:55 Gold Mining
19:38 Stone Mining
26:36 Castle Age
27:36 Hand Cart
28:54 Town Patrol
29:37 Padded Archer Armor
30:24 Fletching
31:06 Bloodlines
30:56 Husbandry
31:37 Gold Shaft Mining
31:55 Bow Saw
31:57 Bodkin Arrow
34:41 Ballistics
38:11 Fortified Wall
40:05 Leather Archer Armor
43:14 Fervor
mikey
13:50 Feudal Age
14:22 Horse Collar
14:29 Double-Bit Axe
15:33 Arson
17:03 Town Watch
19:36 Forging
19:26 Scale Mail Armor
19:19 Fletching
19:29 Padded Archer Armor
19:45 Gold Mining
23:19 Castle Age
26:29 Thumb Ring
27:58 Stone Mining
28:08 Eagle Warrior
29:57 Wheelbarrow
29:24 Town Patrol
30:55 Elite Skirmisher
32:05 Heavy Plow
33:29 Bow Saw
34:02 Iron Casting
33:42 Chain Mail Armor
33:23 Bodkin Arrow
33:43 Leather Archer Armor
37:01 Ballistics
39:45 Imperial Age
40:53 Bracer
41:23 Ring Archer Armor
41:54 Blast Furnace
41:24 Plate Mail Armor
41:57 Plate Mail Armor
41:28 Elite Plumed Archer
stretch gibson
11:41 Feudal Age
15:30 Double-Bit Axe
16:49 Forging
16:40 Scale Mail Armor
22:48 Castle Age
21:27 Arson
22:53 Horse Collar
23:18 Stone Mining
24:05 Pikeman
29:45 Iron Casting
30:19 Wheelbarrow
30:39 Gold Mining
30:56 Heavy Plow
31:29 Chain Mail Armor
31:47 Squires
34:06 Loom
36:16 Hand Cart
40:20 Imperial Age
42:08 Blast Furnace
41:38 Plate Mail Armor
41:12 Elite Serjeant
42:38 Gold Shaft Mining
42:22 Bow Saw
42:32 Halberdier
Connection lost

Rejoining the realm…

Still unreachable

The connection could not be restored.

Session expired

The server has moved on; the page needs a fresh start.